 Dungeon Crawl Stone Soup version 0.18-a0-312-g61bb5a5 (webtiles) character file.

143 Proton the Shield-Bearer (level 5, 0/42 HPs)
             Began as a Formicid Fighter on Nov 27, 2015.
             Slain by a scorpion (6 damage)
             ... on level 6 of the Dungeon.
             The game lasted 00:04:38 (2269 turns).

Proton the Shield-Bearer (Formicid Fighter)         Turns: 2269, Time: 00:04:38

Health: 0/42       AC:  8    Str: 21    XL:     5   Next: 50%
Magic:  5/5        EV: 13    Int: 13    God:
Gold:   130        SH: 10    Dex: 15    Spells: 0 memorised, 4 levels left

rFire  . . .     SeeInvis +     a - +0 war axe
rCold  . . .     Clarity  .     b - +0 scale mail
rNeg   . . .     SustAt   .     c - +0 shield
rPois  +         Gourm    .     (helmet unavailable)
rElec  .         Spirit   .     (no cloak)
rCorr  .         Warding  .     (no gloves)
rMut   .         Stasis   +     j - +0 pair of boots
MR     +....                    (no amulet)
Stlth  ..........               u - ring of poison resistance
                                n - ring of loudness (curse)

@: brilliant, agile, somewhat resistant to hostile enchantments, extremely
unstealthy
A: permanent stasis, dig shafts and tunnels, four strong arms, antennae 3, magic
resistance 1, screaming 1
a: Dig, Shaft Self


You were on level 6 of the Dungeon.
You were hungry.

You visited 1 branch of the dungeon, and saw 6 of its levels.

You collected 130 gold pieces.

Inventory:

Hand Weapons
 a - a +0 war axe (weapon)
Armour
 b - a +0 scale mail (worn)
 c - a +0 shield (worn)
 j - a +0 pair of boots (worn)
Jewellery
 n - a cursed ring of loudness (left hand)
 t - an uncursed ring of flight
 u - a ring of poison resistance (right hand)
Scrolls
 f - 2 scrolls of fear {unknown}
 k - a scroll of blinking {unknown}
 o - a scroll of enchant weapon {unknown}
 q - a scroll of random uselessness {unknown}
 r - 2 scrolls of teleportation {unknown}
 s - 3 scrolls of identify {unknown}
 v - a scroll of noise {unknown}
 w - a scroll of remove curse {unknown}
Potions
 d - 2 potions of might
 g - a potion of mutation
 i - a potion of brilliance
 l - a potion of beneficial mutation {unknown}
 m - 2 potions of agility
 p - 2 potions of curing {unknown}
Books
 y - a book of Envenomations

   Spells                             Type                      Level
   a - Spider Form                    Transmutation/Poison         3
   b - Alistair's Intoxication        Transmutation/Poison         4
   c - Olgreb's Toxic Radiance        Poison                       4
   d - Poisonous Cloud                Conjuration/Poison/Air       6
Comestibles
 e - 5 bread rations
 h - a fruit
 x - a meat ration


   Skills:
 + Level 4.2 Fighting
 * Level 3.4 Axes
 + Level 4.2 Armour
 + Level 4.3 Shields


You had 4 spell levels left.
You didn't know any spells.

Dungeon Overview and Level Annotations

Branches:
Dungeon (6/15)
 Temple: D:4-7

Altars:
Gozag
The Shining One

Annotations:
D:5 Edmund, Pikel


Innate Abilities, Weirdness & Mutations

You are under a permanent stasis effect.
You can dig through walls and to a lower floor.
Your four strong arms can wield two-handed weapons with a shield.
You have a pair of large antennae on your head (SInv).
You are resistant to hostile enchantments.
You occasionally shout uncontrollably at your foes.


Message History

You closely miss the scorpion. You closely miss the adder.
The scorpion stings you.
* * * LOW HITPOINT WARNING * * *
The adder bites you.
* * * LOW HITPOINT WARNING * * *
Drink which item? (? for menu, Esc to quit)
It was a potion of agility.
You feel agile all of a sudden. You block the adder's attack.
The scorpion closely misses you. The adder completely misses you.
Drink which item? (? for menu, Esc to quit)
It was a potion of mutation.
You feel extremely strange.
You feel the urge to shout.
You feel resistant to hostile enchantments.
You block the scorpion's attack. The adder bites you but does no damage.
Drink which item? (? for menu, Esc to quit)
It was a potion of brilliance.
You feel clever all of a sudden. The scorpion stings you.
You die...

... .. ..
.## .({
######.
......S##
#...@#
##..#s##
#......#
#..###..#
....
....# ...
##.... .
.#### >.
###


You could see a scorpion and an adder.

Vanquished Creatures
  An orc priest (D:3)
  A gnoll (D:1)
  4 adders
  An ooze (D:1)
  2 worms (D:3)
  2 giant geckos (D:3)
  4 orcs (D:3)
  2 ball pythons
  2 giant cockroaches
  7 goblins
  9 hobgoblins
  3 jackals (D:4)
  4 bats
  3 giant newts
  6 kobolds
  7 rats
58 creatures vanquished.

Notes
Turn   | Place    | Note
--------------------------------------------------------------
     0 | D:1      | Proton the Formicid Fighter began the quest for the Orb.
     0 | D:1      | Reached XP level 1. HP: 18/18 MP: 1/1
    35 | D:1      | Reached XP level 2. HP: 22/24 MP: 2/2
   434 | D:1      | Reached XP level 3. HP: 22/29 MP: 3/3
  1049 | D:2      | Reached skill level 4 in Shields
  1049 | D:2      | Reached XP level 4. HP: 35/37 MP: 4/4
  1084 | D:2      | Found an opulent altar of Gozag.
  2027 | D:3      | Reached XP level 5. HP: 34/42 MP: 5/5
  2207 | D:4      | You fall through a shaft!
  2207 | D:5      | Entered Level 5 of the Dungeon
  2207 | D:5      | Noticed a slave
  2212 | D:5      | Found a glowing golden altar of the Shining One.
  2212 | D:5      | Noticed Edmund
  2246 | D:5      | Noticed a slave
  2247 | D:5      | Noticed Pikel
  2248 | D:5      | Noticed a slave
  2250 | D:5      | Noticed a slave
  2258 | D:5      | You fall through a shaft!
  2268 | D:6      | Gained mutation: You occasionally shout uncontrollably at your foes. [potion of mutation]
  2268 | D:6      | Gained mutation: You are resistant to hostile enchantments. [potion of mutation]
  2269 | D:6      | Slain by a scorpion

Vault maps used:
D:1:      zaba_arrival_water
D:2:      lemuel_doored_altar, serial_glass, glass_columns_a, glass_columns_c
D:3:      first_bread
D:4:      zin_purify, kennysheep_mini_moat, temple_doors_e, elyvilon_altar_3
D:5:      tso_metal_star, basic_altar, uniq_pikel, uniq_edmund
D:6:      ashenzari_conservatory_becter, serial_shops, shop,
          hangedman_decor_lopped, uniq_prince_ribbit1, uniq_sigmund

Action                   |  1- 3 |  4- 6 || total
-------------------------+-------+-------++-------
Melee: War axe           |    79 |   104 ||   183
 Abil: Shaft Self        |       |     2 ||     2
  Use: Potion            |       |     3 ||     3
  Eat: Bread ration      |     1 |       ||     1
